 Dungeon Crawl Stone Soup version 0.31-a0-851-g7ff8af7976 (webtiles) character file.

Game seed: 2941428107806852512

15682 randomguy2701 the Prestidigitator (level 12, -6/91 HPs)
             Began as a Gnoll Wanderer on Oct 6, 2023.
             Was a High Priest of Sif Muna.
             Mangled by an eight-headed hydra (9 damage)
             ... on level 2 of the Lair of Beasts.
             The game lasted 00:30:53 (11710 turns).

randomguy2701 the Prestidigitator (Gnoll Wanderer) Turns: 11710, Time: 00:30:55

Health: -6/91      AC: 10    Str: 14    XL:     12   Next: 29%
Magic:  14/23      EV: 16    Int: 11    God:    Sif Muna [*****.]
Gold:   724        SH:  0    Dex: 15    Spells: 22/26 levels left

rFire   . . .        n - +7 Throatcutter {drain, coup de grace}
rCold   + . .        (no shield)
rNeg    . . .        d - +2 leather armour
rPois   .            (no helmet)
rElec   .            a - +2 cloak
rCorr   .            G - +0 pair of gloves
SInv    .            (no boots)
Will    .....        s - amulet of regeneration
Stlth   +++          x - ring of flight
HPRegen 1.15/turn    u - ring of protection from cold
MPRegen 0.18/turn

%: no passive effects
@: flying, studying Evocations
A: fangs 1, strong nose, distributed training
a: Renounce Religion, Channel Magic, Forget Spell, Divine Exegesis


You were on level 2 of the Lair of Beasts.
You worshipped Sif Muna.
Sif Muna was extremely pleased with you.
You visited 2 branches of the dungeon, and saw 12 of its levels.

You collected 724 gold pieces.

Inventory:

Hand Weapons
 i - a +2 dagger of speed
 n - the +7 Throatcutter (weapon) {drain, coup de grace}
   (You took it off Terence on level 3 of the Dungeon)
Armour
 a - a +2 cloak (worn)
 d - a +2 leather armour (worn)
 G - a +0 pair of gloves (worn)
Jewellery
 s - an amulet of regeneration (around neck)
 u - a ring of protection from cold (right hand)
 x - a ring of flight (left hand)
 F - a ring of wizardry
 H - a ring of positive energy
Wands
 b - a wand of polymorph (25)
 v - a wand of acid (7)
 y - a wand of flame (37)
 A - a wand of iceblast (9)
Scrolls
 c - a scroll of blinking
 e - 4 scrolls of immolation {unknown}
 j - a scroll of torment {unknown}
 k - 5 scrolls of teleportation
 l - 2 scrolls of amnesia {unknown}
 m - a scroll of vulnerability {unknown}
 o - a scroll of revelation {unknown}
 p - a scroll of identify
 q - 2 scrolls of noise {unknown}
 r - 2 scrolls of acquirement {unknown}
 t - 4 scrolls of poison {unknown}
 w - 4 scrolls of enchant weapon
 E - a scroll of fear {unknown}
Potions
 f - 5 potions of lignification
 g - 5 potions of mutation
 h - 4 potions of heal wounds
 z - 2 potions of haste
 B - 4 potions of curing
 C - 2 potions of attraction
 D - 2 potions of enlightenment


   Skills:
 + Level 7.3 Fighting
 + Level 7.3 Short Blades
 + Level 7.3 Long Blades
 + Level 7.3 Axes
 + Level 7.3 Maces & Flails
 + Level 7.3 Polearms
 + Level 7.3 Staves
 + Level 7.3 Ranged Weapons
 + Level 7.3 Throwing
 + Level 7.3 Armour
 + Level 9.9 Dodging
 + Level 7.3 Stealth
 + Level 7.3 Shields
 + Level 7.3 Unarmed Combat
 + Level 7.9 Spellcasting
 + Level 6.0 Conjurations
 + Level 6.0 Hexes
 + Level 6.0 Summonings
 + Level 6.0 Necromancy
 + Level 6.0 Translocations
 + Level 6.0 Transmutations
 + Level 6.0 Fire Magic
 + Level 9.4 Ice Magic
 + Level 6.0 Air Magic
 + Level 6.0 Earth Magic
 + Level 6.0 Poison Magic
 + Level 8.0 Invocations
 + Level 11.3 Evocations
 + Level 6.6 Shapeshifting


You had 22 spell levels left.
You knew the following spells:

 Your Spells              Type           Power      Damage    Failure   Level
a - Freeze                Ice            100%       1d10      1%          1
b - Frozen Ramparts       Ice            50%        1d8       1%          3

Your spell library contained the following spells:

 Spells                   Type           Power      Damage    Failure   Level
 Slow                     Hex            68%        N/A       1%          1
 Confusing Touch          Hex            17%        N/A       4%          3
 Sigil of Binding         Hex            17%        N/A       4%          3
 Summon Guardian Golem    Hex/Summ       17%        N/A       4%          3
 Vampiric Draining        Necr           17%        2d7       4%          3
 Orb of Destruction       Conj           8%         9d6       100%        7
 Spellforged Servitor     Conj/Summ      8%         N/A       100%        7


Dungeon Overview and Level Annotations

Branches:
Dungeon (10/15)            Temple (0/1) D:5            Lair (2/5) D:10
 Spider (0/4) Lair:2
  Swamp: Lair:2-3    Shoals: Lair:2-3       Orc: D:9-12

Altars:
Elyvilon
Fedhas
Gozag
Nemelex Xobeh
Okawaru
Qazlal
Sif Muna
Trog
Uskayaw
Xom
Yredelemnul
Zin

Shops:
D:4 (


Innate Abilities, Weirdness & Mutations

You have very sharp teeth.
Your uncanny sense of smell can sniff out nearby items.
Your experience applies equally to all skills.


Message History

Press: ? - help, Shift-Dir - straight line, f/p - eight-headed hydra
Aim: an eight-headed hydra (heavily wounded, slow)
You freeze the eight-headed hydra.
The eight-headed hydra is heavily wounded.
The wall freezes the eight-headed hydra!
The eight-headed hydra seems to slow down.
The eight-headed hydra bites you!
The eight-headed hydra bites you but does no damage. x2
The eight-headed hydra bites you.
* * * LOW HITPOINT WARNING * * *
The eight-headed hydra misses you. The eight-headed hydra bites you.
* * * LOW HITPOINT WARNING * * *
The eight-headed hydra bites you but does no damage.
The eight-headed hydra bites you.
* * * LOW HITPOINT WARNING * * *
Casting: Freeze (safe; 1% risk of failure)
Confirm with . or Enter, or press ? or * to list all spells.
Aiming: Freeze (safe; 1% risk of failure)
Press: ? - help, Shift-Dir - straight line, f/p - eight-headed hydra
Aim: an eight-headed hydra (severely wounded, slow)
You freeze the eight-headed hydra!
The eight-headed hydra is severely wounded.
Unknown command.
Unknown command.
Casting: Freeze (safe; 1% risk of failure)
Confirm with . or Enter, or press ? or * to list all spells.
Aiming: Freeze (safe; 1% risk of failure)
Press: ? - help, Shift-Dir - straight line, f/p - eight-headed hydra
Aim: an eight-headed hydra (severely wounded, slow)
You freeze the eight-headed hydra.
The eight-headed hydra is severely wounded.
The frozen ramparts melt away.
The eight-headed hydra bites you but does no damage.
The eight-headed hydra bites you!
* * * LOW HITPOINT WARNING * * *
The eight-headed hydra closely misses you.
The eight-headed hydra bites you!
* * * LOW HITPOINT WARNING * * *
The eight-headed hydra bites you!
You die...

P###...P....#....##)
......................
#...............?......
.............##........
#.........................
...^......................
###..........................
......#.[........D..>........
......#.........@#...........
...............###..#.....#.#
#.............#..########..#
.......##....##...# ..# .
...#.####.....###P# ## ..
...# #.....## ## #. ...###
###....# ##. .....## #....##
.. ......###....### ####
######.


You could see an eight-headed hydra (slow).

Vanquished Creatures
  A hydra (Lair:2)
  A two-headed ogre (D:10)
  A death yak (Lair:2)
  Pikel (D:8)
  Maurice (D:8)
  5 cane toads
  3 black mambas
  A rime drake (Lair:2)
  Jeremiah (D:8)
  A komodo dragon (Lair:1)
  The ghost of promet the Covert, an amateur OpBr of Wu Jian (D:4)
  2 jumping spiders (Lair:2)
  11 yaks
  3 wyverns (D:10)
  A basilisk (Lair:1)
  3 steam dragons
  Grum (D:8)
  2 acid dragons
  9 water moccasins
  2 ice beasts
  6 black bears
  3 orc warriors
  2 ogres
  18 wolves
  3 centaurs
  2 lemures (D:8)
  2 phantoms
  4 kobold brigands
  9 bullfrogs
  4 scorpions
  3 wights (D:7)
  14 killer bees
  A howler monkey (D:6)
  2 orc priests
  3 hounds
  A jelly (D:8)
  6 iguanas
  7 orc wizards
  2 sleepcaps (D:6)
  Terence (D:3)
  5 gnolls (D:3)
  10 adders
  A shadow imp (D:5)
  5 white imps
  A worm (D:3)
  A dart slug (D:3)
  30 orcs
  3 ball pythons
  3 bats
  5 endoplasms
  4 giant cockroaches (D:1)
  3 hobgoblins
  6 jackals
  37 kobolds
  5 quokkas
  2 frilled lizards
  20 goblins
  6 rats
291 creatures vanquished.

Vanquished Creatures (others)
  A bullfrog (Lair:2)
  A killer bee (D:9)
2 creatures vanquished.

Grand Total: 293 creatures vanquished

Notes
Turn   | Place    | Note
-------+----------+-------------------------------------------
     0 | D:1      | randomguy2701 the Gnoll Wanderer began the quest for the
                  | Orb.
     0 | D:1      | randomguy2701 set off with the following items: a +0 club,
                  | a wand of polymorph (7), a scroll of blinking, a +2 leather
                  | armour; and the following spell memorised: Freeze; and the
                  | following spells available to memorise: Frozen Ramparts.
     0 | D:1      | Reached XP level 1. HP: 13/13 MP: 4/4
   107 | D:1      | Reached XP level 2. HP: 17/19 MP: 5/5
   372 | D:1      | Reached XP level 3. HP: 25/25 MP: 2/7
  1179 | D:2      | Reached skill level 1 in Invocations
  1323 | D:2      | Reached skill level 1 in Fighting
  1323 | D:2      | Reached skill level 1 in Short Blades
  1323 | D:2      | Reached skill level 1 in Long Blades
  1323 | D:2      | Reached skill level 1 in Axes
  1323 | D:2      | Reached skill level 1 in Maces & Flails
  1323 | D:2      | Reached skill level 1 in Polearms
  1323 | D:2      | Reached skill level 1 in Staves
  1323 | D:2      | Reached skill level 1 in Ranged Weapons
  1323 | D:2      | Reached skill level 1 in Throwing
  1323 | D:2      | Reached skill level 1 in Armour
  1323 | D:2      | Reached skill level 1 in Stealth
  1323 | D:2      | Reached skill level 1 in Shields
  1323 | D:2      | Reached skill level 1 in Unarmed Combat
  1528 | D:2      | Reached XP level 4. HP: 29/32 MP: 8/8
  1655 | D:2      | Reached skill level 1 in Shapeshifting
  2013 | D:2      | Learned a level 3 spell: Frozen Ramparts
  2033 | D:3      | Noticed Terence
  2044 | D:3      | Killed Terence
  2045 | D:3      | Reached skill level 1 in Conjurations
  2045 | D:3      | Reached skill level 1 in Hexes
  2045 | D:3      | Reached skill level 1 in Summonings
  2045 | D:3      | Reached skill level 1 in Necromancy
  2045 | D:3      | Reached skill level 1 in Translocations
  2045 | D:3      | Reached skill level 1 in Transmutations
  2045 | D:3      | Reached skill level 1 in Fire Magic
  2045 | D:3      | Reached skill level 1 in Air Magic
  2045 | D:3      | Reached skill level 1 in Earth Magic
  2045 | D:3      | Reached skill level 1 in Poison Magic
  2097 | D:3      | Found a stormy altar of Qazlal.
  2103 | D:3      | Found a shimmering blue altar of Sif Muna.
  2103 | D:3      | Found a shimmering altar of Xom.
  2290 | D:3      | Became a worshipper of Sif Muna the Loreminder
  2393 | D:3      | Reached XP level 5. HP: 37/37 MP: 5/9
  2394 | D:3      | Reached skill level 5 in Evocations
  2622 | D:3      | Noticed an ogre
  2629 | D:3      | Killed an ogre
  2630 | D:3      | Reached XP level 6. HP: 35/44 MP: 6/11
  3330 | D:4      | Reached * piety under Sif Muna
  3413 | D:4      | Found a blossoming altar of Fedhas.
  3426 | D:4      | Noticed a +0 triple crossbow
  3428 | D:4      | Found Zuigah's Weapon Shop.
  3430 | D:4      | Noticed a +0 triple sword
  3454 | D:4      | Found a runed translucent gate.
  3454 | D:4      | Found a runed translucent gate.
  3454 | D:4      | Found a runed translucent gate.
  3454 | D:4      | Noticed promet's ghost (amateur OpBr)
  3758 | D:5      | Entered Level 5 of the Dungeon
  3768 | D:5      | Reached XP level 7. HP: 37/50 MP: 12/12
  3970 | D:5      | Reached skill level 6 in Evocations
  4019 | D:5      | Found a staircase to the Ecumenical Temple.
  4366 | D:5      | Found a white marble altar of Elyvilon.
  4648 | D:6      | Reached XP level 8. HP: 41/57 MP: 14/14
  4834 | D:6      | Identified the +7 long sword "Beetle's Undoing" {spect,
                  | Drain rC+ Str+4 SInv}
  4837 | D:6      | Found a basalt altar of Yredelemnul.
  5105 | D:6      | Found a bloodstained altar of Trog.
  5434 | D:6      | You fall into a shaft and drop 3 floors!
  5495 | D:8      | Noticed Pikel
  5502 | D:8      | Killed Pikel
  5502 | D:8      | Reached ** piety under Sif Muna
  5503 | D:8      | Reached skill level 7 in Evocations
  5503 | D:8      | Reached XP level 9. HP: 48/65 MP: 14/16
  5608 | D:8      | Reached skill level 5 in Spellcasting
  5664 | D:8      | Noticed Grum
  5988 | D:7      | Reached skill level 8 in Evocations
  6195 | D:7      | Reached skill level 5 in Invocations
  6625 | D:4      | Reached *** piety under Sif Muna
  6630 | D:4      | Killed promet's ghost
  6744 | D:8      | Killed Grum
  6745 | D:8      | Reached XP level 10. HP: 54/73 MP: 18/18
  6746 | D:8      | Reached skill level 5 in Fighting
  6746 | D:8      | Reached skill level 5 in Short Blades
  6746 | D:8      | Reached skill level 5 in Long Blades
  6746 | D:8      | Reached skill level 5 in Axes
  6746 | D:8      | Reached skill level 5 in Maces & Flails
  6746 | D:8      | Reached skill level 5 in Polearms
  6746 | D:8      | Reached skill level 5 in Staves
  6746 | D:8      | Reached skill level 5 in Ranged Weapons
  6746 | D:8      | Reached skill level 5 in Throwing
  6746 | D:8      | Reached skill level 5 in Armour
  6746 | D:8      | Reached skill level 5 in Stealth
  6746 | D:8      | Reached skill level 5 in Shields
  6746 | D:8      | Reached skill level 5 in Unarmed Combat
  6876 | D:8      | Noticed Maurice
  6881 | D:8      | Maurice stole a +0 club
  6885 | D:8      | Maurice stole 447 gold
  7020 | D:8      | Killed Maurice
  7199 | D:8      | Noticed Jeremiah
  7210 | D:8      | Killed Jeremiah
  7545 | D:8      | Reached skill level 9 in Evocations
  7908 | D:9      | Reached skill level 5 in Shapeshifting
  7987 | D:9      | Found a sparkling altar of Nemelex Xobeh.
  7987 | D:9      | Found an opulent altar of Gozag.
  8397 | D:9      | Found a hide-covered altar of Uskayaw.
  8424 | D:10     | Entered Level 10 of the Dungeon
  8424 | D:10     | Found a glowing silver altar of Zin.
  8424 | D:10     | Found an iron altar of Okawaru.
  8551 | D:10     | Reached **** piety under Sif Muna
  8645 | D:10     | Noticed a two-headed ogre
  8725 | D:10     | Killed a two-headed ogre
  8896 | D:10     | Reached XP level 11. HP: 81/81 MP: 17/20
  8916 | D:10     | Reached skill level 5 in Conjurations
  8916 | D:10     | Reached skill level 5 in Hexes
  8916 | D:10     | Reached skill level 5 in Summonings
  8916 | D:10     | Reached skill level 5 in Necromancy
  8916 | D:10     | Reached skill level 5 in Translocations
  8916 | D:10     | Reached skill level 5 in Transmutations
  8916 | D:10     | Reached skill level 5 in Fire Magic
  8916 | D:10     | Reached skill level 5 in Air Magic
  8916 | D:10     | Reached skill level 5 in Earth Magic
  8916 | D:10     | Reached skill level 5 in Poison Magic
  8923 | D:10     | Reached skill level 10 in Evocations
  8986 | D:10     | Found a staircase to the Lair.
  9560 | Lair:1   | Entered Level 1 of the Lair of Beasts
 10650 | Lair:2   | Noticed a death yak
 10650 | Lair:2   | Noticed a death yak
 10650 | Lair:2   | Noticed a death yak
 10745 | Lair:2   | Reached ***** piety under Sif Muna
 10895 | Lair:2   | Noticed a four-headed hydra
 10905 | Lair:2   | Killed a four-headed hydra
 10906 | Lair:2   | Reached skill level 11 in Evocations
 10906 | Lair:2   | Reached XP level 12. HP: 71/91 MP: 16/23
 10974 | Lair:2   | Found a hole to the Spider Nest.
 11518 | Lair:2   | Killed a death yak
 11693 | Lair:2   | Noticed an eight-headed hydra
 11710 | Lair:2   | HP: 3/91 [eight-headed hydra (7)]
 11710 | Lair:2   | Mangled by an eight-headed hydra

Illustrated notes

Levels and vault maps discovered:
D:1:      spicycebolla_arrival_xxxplode, layout_basic
D:2:      layout_basic, minmay_gold_behind_fungi
D:3:      kb_forest_paths, layout_basic, gammafunk_temple_overflow_forgotten,
          chequers_serial_rivers_large_a, roderic_lattice_a,
          minmay_ogre_servants, uniq_terence
D:4:      layout_cave_pools, mainiacjoe_overflow_brackets, serial_shops,
          nicolae_shop_mannequins, gammafunk_ghost_nasty_kobolds
D:5:      layout_basic, nicolae_overflow_crystal_walls,
          minmay_temple_entry_large_hall, corexii_corridor_pit,
          kennysheep_doodads, hangedman_decor_riveting, serial_bayou_crossing
D:6:      layout_gridville, yredelemnul_altar_generic,
          mainiacjoe_overflow_24_doors
D:7:      layout_rooms, serial_aquarium, aquarium_bridge_square
          [aquarium_subvault_bridge, aquarium_subvault_window,
          aquarium_subvault_bridge, aquarium_subvault_wall],
          aquarium_bridge_island_small [aquarium_subvault_small_water,
          aquarium_subvault_window, aquarium_subvault_balcony,
          aquarium_subvault_bridge, aquarium_subvault_window],
          aquarium_window_fake, aquarium_window_2, aquarium_view_2b,
          aquarium_view_2d, aquarium_balcony_double_4, aquarium_pool_four,
          kennysheep_cross_bottleneck
D:8:      layout_basic, uniq_pikel, uniq_jeremiah, uniq_grum, uniq_maurice
D:9:      layout_cave_pools, grunt_temple_overflow_opulence,
          lemuel_coloured_pillars_altar
D:10:     layout_basic, nicolae_overflow_hidden_temple, minmay_lair_entry_grove
Lair:1:   layout_regular_city, beast_lair_carwin_4, serial_bayou_shore_b
Lair:2:   layout_hall_layers, spider_nest_entry_a, serial_bayou_shore_b

Skill      XL: |  1  2  3  4  5  6  7  8  9 10 11 12 |
---------------+-------------------------------------+-----
Invocations    | 1 2 3 4 5 6 7 8 |  8.0
Fighting       | 1 2 3 4 5 7 |  7.3
Short Blades   | 1 2 3 4 5 7 |  7.3
Long Blades    | 1 2 3 4 5 7 |  7.3
Axes           | 1 2 3 4 5 7 |  7.3
Maces & Flails | 1 2 3 4 5 7 |  7.3
Polearms       | 1 2 3 4 5 7 |  7.3
Staves         | 1 2 3 4 5 7 |  7.3
Ranged Weapons | 1 2 3 4 5 7 |  7.3
Throwing       | 1 2 3 4 5 7 |  7.3
Armour         | 1 2 3 4 5 7 |  7.3
Stealth        | 1 2 3 4 5 7 |  7.3
Shields        | 1 2 3 4 5 7 |  7.3
Unarmed Combat | 1 2 3 4 5 7 |  7.3
Shapeshifting  | 1 2 3 4 5 6 |  6.6
Spellcasting   | 3 4 5 6 7 |  7.9
Conjurations   | 1 2 3 4 5 6 |  6.0
Hexes          | 1 2 3 4 5 6 |  6.0
Summonings     | 1 2 3 4 5 6 |  6.0
Necromancy     | 1 2 3 4 5 6 |  6.0
Translocations | 1 2 3 4 5 6 |  6.0
Transmutations | 1 2 3 4 5 6 |  6.0
Fire Magic     | 1 2 3 4 5 6 |  6.0
Air Magic      | 1 2 3 4 5 6 |  6.0
Earth Magic    | 1 2 3 4 5 6 |  6.0
Poison Magic   | 1 2 3 4 5 6 |  6.0
Evocations     | 5 6 7 8 9 11 | 11.3
Dodging        | 7 8 9 |  9.9
Ice Magic      | 8 9 |  9.4

Action                     |  1- 3 |  4- 6 |  7- 9 | 10-12 || total
---------------------------+-------+-------+-------+-------++-------
  Melee: Club              |    50 |       |       |       ||    50
         Bite              |    10 |     9 |    16 |    35 ||    70
         Punch             |     1 |     1 |     7 |    12 ||    21
         Dagger            |    27 |    29 |       |       ||    56
         Long sword        |       |    83 |   189 |   302 ||   574
   Cast: Freeze            |    27 |     6 |       |    10 ||    43
         Frozen Ramparts   |       |     3 |    11 |    33 ||    47
  Evoke: Wand              |       |       |       |     5 ||     5
    Use: Scroll            |       |       |     7 |     6 ||    13
         Potion            |       |       |       |     1 ||     1
   Stab: Sleeping          |       |     2 |     2 |     4 ||     8
         Distracted        |       |       |     1 |       ||     1
 Armour: Leather armour    |    57 |    47 |   152 |   326 ||   582
  Dodge: Dodged            |    59 |    78 |   130 |   393 ||   660

Table legend: (Time is in decaauts)
 A = Elapsed time spent in this place.
 B = Non-inter-level travel time spent in this place.
 C = Inter-level travel time spent in this place.
 D = Time resting spent in this place.
 E = Time spent auto-exploring this place.
 F = Levels seen in this place.
 G = Mean time per level.
                   A        B        C        D        E       F      G
               +--------+--------+--------+--------+--------+-----+--------+
         Total |  11855 |  10898 |    957 |     13 |   8682 |  12 |  987.9 |
       Dungeon |   9783 |   9067 |    716 |     13 |   7400 |  10 |  978.3 |
          Lair |   2072 |   1832 |    240 |      0 |   1282 |   2 | 1036.0 |
               +--------+--------+--------+--------+--------+-----+--------+

Top non-repeatable levels by time:
     D:8: 1377 daAuts
  Lair:1: 1336 daAuts
     D:3: 1240 daAuts
     D:1: 1188 daAuts
    D:10: 1045 daAuts
     D:7: 983 daAuts
     D:6: 967 daAuts
     D:5: 881 daAuts
     D:2: 833 daAuts
  Lair:2: 735 daAuts
     D:4: 637 daAuts
     D:9: 628 daAuts
